AoeStats
← 念

Lombardia

509326562Analyzed
4v4 RM · 6d ago on Sep 26, 2026· 37m 59s· 8 players
Game mode
Random Map
Map size
Large (8 player)
Population
200
Speed
Normal
Resources
Standard
Victory
Conquest
Starting age
Dark Age
Ending age
Imperial Age
RankedLock teamsTeams togetherTeam positionsShared explorationLock speedFull tech treeHidden civsTurbo modeCheats
Victory
Defeat
🇺🇿 Saxons · Uzbekistan
1193
+14
🇨🇳 Italians · China
1186
+14
🇨🇱 Huns · Chile
1167
+15
🇨🇳 Khmer · China
1132
+16
🇭🇰 Hindustanis · Hong Kong SAR China
1206
-18
🇮🇳 Mongols · India
1132
-14
🇩🇪 Poles · Germany
1124
-14
🇪🇪 Khmer · Estonia
1106
-13
TheroZeuS Biri Biri
1:29 Loom
11:35 Feudal Age
19:07 Castle Age
18:06 Horse Collar
18:16 Double-Bit Axe
20:31 Wheelbarrow
21:20 Bow Saw
21:14 Heavy Plow
27:25 Town Watch
28:07 Gold Mining
28:07 Stone Mining
30:53 Imperial Age
29:25 Gold Shaft Mining
30:27 Padded Archer Armor
30:17 Fletching
32:17 Ballistics
33:00 Chemistry
32:18 Leather Archer Armor
31:58 Bodkin Arrow
32:39 Hand Cart
32:36 Caravan
33:39 Parthian Tactics
33:56 Bloodlines
33:46 Husbandry
34:49 Heavy Cavalry Archer
35:32 Bracer
37:05 Scale Barding Armor
37:15 Forging
karbid
3:58 Loom
10:08 Feudal Age
18:30 Castle Age
18:29 Double-Bit Axe
18:27 Horse Collar
20:02 Squires
21:16 Gambesons
21:33 Scale Mail Armor
25:00 Wheelbarrow
27:29 Hand Cart
27:01 Town Watch
27:49 Fortified Wall
31:01 Bow Saw
30:57 Heavy Plow
35:25 Imperial Age
33:27 Arson
34:48 Forging
34:53 Chain Mail Armor
34:54 Caravan
35:19 Gold Mining
35:22 Stone Mining
36:30 Shield Wall
念
10:16 Feudal Age
11:44 Double-Bit Axe
14:33 Castle Age
12:16 Horse Collar
21:50 Wheelbarrow
21:45 Bow Saw
23:46 Gold Mining
23:50 Stone Mining
26:55 Hand Cart
29:19 Imperial Age
26:35 Loom
26:35 Town Watch
26:53 Fletching
27:30 Ballistics
26:51 Treadmill Crane
27:14 Padded Archer Armor
27:58 Stone Shaft Mining
27:59 Bodkin Arrow
29:19 Leather Archer Armor
29:16 Masonry
29:02 Murder Holes
30:22 Conscription
30:32 Bracer
31:03 Ring Archer Armor
31:35 Chemistry
31:05 Architecture
31:14 Elite Genoese Crossbowman
31:22 Elite Genoese Crossbowman
32:28 Thumb Ring
34:02 Hoardings
電動遊戯
11:00 Feudal Age
11:49 Loom
14:29 Castle Age
12:47 Double-Bit Axe
14:01 Horse Collar
16:11 Bow Saw
23:01 Fervor
28:16 Caravan
29:07 Wheelbarrow
30:22 Hand Cart
30:29 Stone Mining
30:30 Gold Mining
32:06 Stone Shaft Mining
34:25 Imperial Age
32:58 Bloodlines
32:48 Husbandry
34:13 Gold Shaft Mining
34:53 Light Cavalry
34:59 Capped Ram
36:19 Fletching
36:34 Scale Barding Armor
36:07 Elite Battle Elephant
36:50 Double Crossbow
37:10 Conscription
36:56 Elite Ballista Elephant
37:36 Bodkin Arrow
37:51 Siege Ram
maxokol
9:36 Feudal Age
7:58 Loom
11:37 Town Watch
17:34 Castle Age
15:50 Double-Bit Axe
17:47 Scale Barding Armor
17:59 Bloodlines
19:01 Forging
20:03 Horse Collar
26:34 Iron Casting
27:06 Chain Barding Armor
27:34 Town Patrol
28:13 Fletching
29:14 Bodkin Arrow
30:50 Wheelbarrow
33:24 Imperial Age
30:38 Light Cavalry
32:30 Fortified Wall
32:48 Gold Mining
34:48 Plate Barding Armor
34:08 Hussar
35:25 Conscription
35:11 Pikeman
36:03 Scale Mail Armor
35:46 Cavalier
golden Eagle
0:28 Loom
12:42 Feudal Age
13:11 Horse Collar
13:18 Double-Bit Axe
17:58 Castle Age
19:44 Bow Saw
19:36 Heavy Plow
20:48 Wheelbarrow
32:39 Imperial Age
30:45 Hand Cart
31:12 Bloodlines
31:03 Husbandry
30:24 Light Cavalry
32:43 Forging
32:39 Scale Barding Armor
33:01 Winged Hussar
34:04 Conscription
34:23 Iron Casting
35:16 Lechitic Legacy
36:50 Crop Rotation
imkl
8:21 Loom
10:47 Feudal Age
11:27 Double-Bit Axe
13:03 Wheelbarrow
15:30 Horse Collar
19:18 Castle Age
17:23 Gold Mining
20:29 Heavy Plow
20:42 Bow Saw
25:34 Stone Mining
27:17 Gold Shaft Mining
27:19 Stone Shaft Mining
27:57 Hand Cart
31:20 Imperial Age
29:51 Forging
29:47 Scale Barding Armor
29:32 Fletching
30:26 Bloodlines
30:17 Husbandry
29:37 Light Cavalry
32:20 Iron Casting
32:39 Chain Barding Armor
32:15 Bodkin Arrow
32:54 Conscription
33:50 Hussar
33:50 Heavy Camel Rider
35:15 Plate Barding Armor
34:56 Elite Skirmisher
KingShark
11:29 Feudal Age
15:53 Castle Age
14:14 Horse Collar
14:39 Double-Bit Axe
18:35 Bow Saw
24:10 Wheelbarrow
26:47 Heavy Plow
31:32 Imperial Age
29:35 Hand Cart
32:55 Thumb Ring
33:16 Parthian Tactics
34:03 Ballistics
34:44 Chemistry
34:04 Crossbowman
36:48 Fletching
36:59 Padded Archer Armor
Connection lost

Rejoining the realm…

Still unreachable

The connection could not be restored.

Session expired

The server has moved on; the page needs a fresh start.